Map: El Dorado

Players

wootwoot - Winner!

  • Race: Terran Terran
  • League: Diamond
  • Spawn Location: 7:00

FadingAces

  • Race: Zerg Zerg
  • League: Diamond
  • Spawn Location: 5:00

VOD

Have the link to the VOD?

Description

Time

  • Played on: April 4, 2025, 1:02 a.m.
  • Length: 7:31
Show
View Real Time Build Order
Export as new Build Order

wootwoot Terran - Winner!

Build Orders: 2 Factory, Gas First Reaper Expand 

Get SALT Encoding   

  12  0:00  SCV  
  13  0:12  SCV  
  14  0:18  Supply Depot  
  14  0:24  SCV  
  15  0:29  Refinery  
  15  0:40  SCV  
  16  0:45  Barracks  
  16  0:52  SCV  
  17  1:05  SCV  
  18  1:17  SCV  
  19  1:32  Orbital Command, Reaper  
  20  1:44  Command Center  
  20  1:55  Factory  
  20  1:59  SCV  
  21  2:05  Refinery  
  21  2:11  SCV, Barracks Reactor  
  22  2:17  Supply Depot  
  22  2:23  SCV  
  23  2:38  SCV  
  23  2:42  Factory  
  24  2:50  Hellion x2  
  24  2:51  SCV  
  29  2:56  Orbital Command  
  29  3:02  Barracks Tech Lab  
  29  3:04  SCV  
  30  3:16  SCV  
  30  3:17  Hellion x2  
  35  3:24  SCV  
  36  3:28  SCV  
  36  3:32  Mag-Field Accelerator  
  36  3:33  Cyclone  
  40  3:41  SCV x2  
  42  3:46  Supply Depot  
  42  3:49  Supply Depot  
  42  3:53  SCV x2  
  44  4:05  SCV x2  
  46  4:17  SCV x2  
  46  4:19  Factory x2  
  46  4:20  Factory  
  46  4:22  Refinery x2  
  48  4:29  SCV x2  
  48  4:31  Supply Depot  
  50  4:33  Supply Depot  
  50  4:35  Supply Depot  
  50  4:41  SCV  
  50  4:42  SCV  
  52  4:49  Cyclone  
  52  4:51  Hellion  
  57  4:53  SCV  
  57  4:56  SCV  
  59  5:02  Factory Tech Lab  
  59  5:03  Factory Reactor  
  59  5:04  Factory Tech Lab  
  59  5:05  SCV  
  60  5:08  SCV  
  60  5:11  Infernal Pre-Igniter  
  60  5:12  Hellion  
  60  5:14  Hellion  
  65  5:17  Supply Depot  
  65  5:21  Cyclone  
  65  5:22  Cyclone  
  65  5:26  Cyclone  
  74  5:40  Hellion x2  
  74  5:42  Hellion x2  
  82  5:53  Supply Depot x2  
  82  5:56  Cyclone x2  
  88  5:59  Cyclone  
  91  6:08  Hellion  
  93  6:12  Supply Depot  
  93  6:15  Hellion x2  
  97  6:23  Hellion  
  99  6:28  Cyclone x2  
  99  6:31  Cyclone  
  108  6:40  Hellion x2  
  110  6:54  Hellion x2  
  118  7:10  Hellion  
Show
View Real Time Build Order
Export as new Build Order

FadingAces Zerg 

Build Orders: Hatch First 

Get SALT Encoding   

  12  0:00  Drone  
  13  0:10  Drone  
  14  0:17  Overlord  
  14  0:23  Extractor  
  14  0:25  Drone  
  15  0:36  Drone x2  
  17  0:44  Drone  
  18  0:58  Hatchery  
  18  0:59  Drone  
  18  1:04  Extractor  
  17  1:14  Spawning Pool  
  17  1:17  Drone  
  17  1:21  Drone  
  18  1:26  Drone  
  19  1:37  Drone  
  20  1:50  Drone  
  21  2:02  Zergling x2  
  22  2:09  Queen  
  22  2:11  Zergling x2  
  22  2:12  Queen  
  22  2:15  Metabolic Boost  
  27  2:27  Hatchery  
  27  2:29  Drone  
  27  2:33  Drone  
  27  2:37  Overlord  
  27  2:52  Overlord  
  27  2:56  Drone x4  
  31  3:03  Overlord  
  31  3:05  Drone  
  32  3:10  Queen  
  34  3:16  Drone x2  
  36  3:24  Drone x3  
  39  3:29  Overlord  
  39  3:31  Drone  
  40  3:36  Drone  
  40  3:40  Queen  
  43  3:43  Drone x2  
  45  3:48  Queen  
  45  3:53  Zergling x2  
  45  3:54  Zergling x6  
  51  3:57  Drone  
  51  3:58  Drone  
  53  4:03  Overlord  
  53  4:04  Overlord  
  53  4:05  Drone  
  53  4:08  Drone  
  53  4:09  Drone x2  
  57  4:14  Drone  
  57  4:15  Drone  
  59  4:20  Overlord  
  59  4:21  Queen  
  59  4:23  Overlord  
  61  4:24  Drone  
  62  4:34  Overlord x2  
  62  4:36  Drone x4  
  66  4:45  Drone x3  
  69  4:47  Roach Warren, Overlord  
  68  4:53  Drone x6  
  68  4:58  Extractor  
  68  4:59  Extractor  
  72  5:00  Drone x2  
  72  5:01  Drone x2, Extractor  
  75  5:12  Drone x2  
  77  5:17  Drone x4  
  81  5:33  Drone x3  
  81  5:34  Evolution Chamber  
  83  5:36  Baneling Nest  
  83  5:38  Extractor, Evolution Chamber  
  83  5:39  Drone x3, Extractor  
  83  5:40  Drone x3  
  83  5:41  Lair  
  83  5:42  Zergling x10  
  90  5:49  Spore Crawler  
  89  5:51  Spore Crawler  
  89  5:55  Drone x2  
  89  5:56  Spore Crawler  
  89  6:10  Roach  
  89  6:11  Roach x9  
  109  6:16  Zergling x2  
  109  6:17  Zergling x2  
  111  6:24  Roach  
  113  6:30  Hatchery  
  103  6:34  Roach x5  
  107  6:42  Zergling x14  
  106  6:51  Roach x2  
  106  6:59  Zergling x6  
  99  7:06  Roach x2  
  93  7:12  Roach  
  97  7:25  Roach Warren  
Tags
 
Add a new tag
Caveats
  • Supply blocks, unpowered buildings, or Contaminate may cause inaccurate times.
  • Supply counts are checked every 10 seconds.